Map: Equilibrium LE

Players

wooky - Winner!

  • Race: Zerg Zerg
  • League: Diamond
  • Spawn Location: 11:00

SubN

  • Race: Zerg Zerg
  • League: Diamond
  • Spawn Location: 1:00

VOD

Have the link to the VOD?

Description

Time

  • Played on: Dec. 30, 2023, 7:11 p.m.
  • Length: 10:18
Show
View Real Time Build Order
Export as new Build Order

wooky Zerg - Winner!

Build Orders: Pool First 

Get SALT Encoding   

  12  0:00  Drone  
  13  0:08  Drone  
  14  0:20  Drone x2, Extractor x2  
  14  0:28  Overlord  
  16  0:41  Spawning Pool  
  15  0:46  Drone  
  15  0:49  Drone  
  17  0:54  Drone  
  18  1:09  Extractor  
  17  1:14  Hatchery  
  16  1:18  Drone  
  17  1:30  Zergling x4  
  19  1:33  Queen  
  19  1:37  Zergling x2  
  22  1:52  Overlord  
  22  2:11  Metabolic Boost  
  22  2:17  Zergling x4  
  24  2:23  Queen  
  24  2:26  Queen  
  28  2:46  Drone x6  
  28  2:47  Drone  
  35  3:08  Drone  
  35  3:09  Overlord x2  
  36  3:31  Roach Warren  
  36  3:32  Evolution Chamber  
  34  3:34  Evolution Chamber  
  34  3:40  Zergling x6  
  34  3:41  Zergling x10  
  39  4:09  Drone x4  
  44  4:10  Drone x2  
  44  4:13  Zerg Ground Armor Level 1, Zerg Missile Weapons Level 1  
  45  4:34  Drone x7  
  52  4:39  Extractor  
  52  4:40  Extractor  
  52  4:42  Drone x2  
  52  4:52  Overlord x2  
  52  5:06  Drone  
  51  5:19  Lair  
  51  5:24  Drone x3  
  51  5:27  Drone x4  
  58  5:29  Extractor  
  57  5:47  Drone  
  58  5:53  Drone  
  58  5:56  Hatchery  
  58  5:57  Roach x5  
  58  5:58  Overlord x3  
  58  5:59  Overlord  
  68  6:06  Spore Crawler  
  68  6:08  Drone, Spore Crawler  
  68  6:10  Drone  
  68  6:17  Zerg Ground Armor Level 2, Zerg Missile Weapons Level 2  
  68  6:27  Roach x3  
  74  6:38  Overseer  
  74  6:48  Roach x7  
  87  6:59  Roach  
  87  7:00  Roach  
  91  7:14  Roach x3  
  91  7:15  Overlord x4  
  97  7:16  Overlord  
  97  7:38  Roach x7  
  111  7:46  Unknown  
  110  7:54  Roach x7  
  124  7:59  Glial Reconstitution  
  124  8:02  Overlord  
  120  8:22  Roach x4  
  120  8:23  Roach x5  
  122  8:30  Roach  
  122  8:31  Roach x2  
  126  8:44  Roach x4  
  126  8:45  Roach x3  
  126  9:13  Roach x4  
  126  9:14  Roach  
  126  9:15  Roach x10  
  126  9:16  Roach  
  142  9:28  Overlord x3  
  142  9:29  Ravager x4  
  146  9:33  Ravager x3  
  146  9:34  Ravager  
  146  9:37  Overlord x2  
Show
View Real Time Build Order
Export as new Build Order

SubN Zerg 

Build Orders: Pool First 

Get SALT Encoding   

  12  0:00  Drone  
  13  0:12  Overlord  
  13  0:17  Drone  
  14  0:30  Drone x2  
  14  0:35  Drone  
  17  0:44  Extractor  
  17  0:45  Drone  
  17  0:52  Spawning Pool  
  16  0:57  Drone  
  17  1:06  Drone  
  18  1:19  Hatchery  
  18  1:23  Drone  
  18  1:35  Drone  
  18  1:38  Queen  
  21  1:42  Zergling x2  
  22  1:49  Overlord  
  22  1:59  Metabolic Boost  
  22  2:11  Zergling x2  
  22  2:12  Zergling x2  
  24  2:24  Hatchery  
  23  2:31  Drone  
  24  2:43  Zergling x4  
  26  2:57  Queen  
  27  3:09  Overlord  
  27  3:12  Overlord  
  27  3:14  Overlord  
  27  3:28  Drone x8  
  35  3:38  Queen  
  37  3:52  Zergling x4  
  37  3:53  Zergling x4  
  41  4:03  Drone x7  
  48  4:12  Roach Warren  
  48  4:13  Queen  
  49  4:22  Overlord x2  
  49  4:28  Overlord  
  49  4:31  Extractor  
  48  4:33  Extractor  
  48  4:38  Lair  
  47  4:40  Drone  
  47  4:41  Drone  
  47  4:43  Drone  
  50  4:48  Drone x3  
  50  4:49  Queen  
  50  4:50  Drone  
  50  4:51  Drone  
  57  4:53  Drone  
  57  4:55  Drone  
  57  4:56  Drone  
  60  5:06  Evolution Chamber  
  59  5:09  Evolution Chamber  
  58  5:20  Drone  
  58  5:21  Drone x2  
  61  5:25  Drone x4  
  65  5:30  Overlord  
  65  5:31  Hatchery  
  65  5:32  Overlord  
  64  5:39  Glial Reconstitution, Extractor  
  63  5:43  Drone x2  
  63  5:45  Zerg Missile Weapons Level 1  
  65  5:50  Overseer  
  65  5:54  Overlord  
  65  5:56  Overseer  
  65  6:03  Drone, Extractor  
  65  6:04  Drone x2, Extractor  
  67  6:05  Drone  
  67  6:06  Drone x2  
  67  6:07  Drone x3  
  67  6:10  Drone  
  73  6:12  Drone  
  73  6:13  Drone  
  75  6:19  Pneumatized Carapace  
  75  6:21  Drone  
  75  6:23  Zerg Ground Armor Level 1  
  76  6:31  Overlord x2  
  76  6:39  Roach  
  84  6:40  Roach x3  
  84  6:45  Drone x2  
  86  6:50  Roach  
  86  6:57  Roach x4  
  91  7:05  Roach x5  
  101  7:14  Ravager x3  
  101  7:15  Ravager  
  105  7:16  Overlord x3  
  105  7:24  Roach x4  
  105  7:29  Overlord  
  113  7:30  Overlord  
  113  7:35  Drone  
  113  7:37  Drone x4  
  116  7:41  Drone  
  119  7:47  Roach x2  
  123  7:57  Hatchery  
  122  8:01  Roach x5  
  132  8:07  Roach x4  
  135  8:26  Roach  
  117  8:27  Roach x7  
  119  8:40  Roach  
  119  8:41  Roach x6  
  129  8:48  Queen  
  129  8:55  Roach  
  125  8:56  Roach x3  
  123  9:19  Zergling x10  
  123  9:20  Zergling x6  
  131  9:24  Queen  
  131  9:27  Drone x3  
  131  9:31  Overlord x3, Extractor  
  135  9:32  Extractor  
  135  9:34  Overseer x2  
  134  9:44  Drone x4  
  138  9:53  Drone  
  138  9:55  Drone x6  
Tags
 
Add a new tag
Caveats
  • Supply blocks, unpowered buildings, or Contaminate may cause inaccurate times.
  • Supply counts are checked every 10 seconds.